 Dungeon Crawl Stone Soup version 0.27-a0-242-ge0fc76b88b (webtiles) character file.

Game seed: 9034120573330312977

280 knot the Chopper (level 6, 46/47 HPs)
             Began as a Demonspawn Berserker on Feb 3, 2021.
             Was a Believer of Trog.
             Quit the game on level 3 of the Dungeon.
             The game lasted 00:04:25 (3751 turns).

knot the Chopper (Demonspawn Berserker)             Turns: 3751, Time: 00:04:26

Health: 46/47      AC: 10    Str: 17    XL:     6   Next: 5%
Magic:  6/6        EV: 10    Int: 10    God:    Trog [**....]
Gold:   104        SH:  0    Dex: 13    Spells: 5/5 levels left

rFire    . . .     SeeInvis .   a - +0 hand axe
rCold    + . .     Faith    .   (no shield)
rNeg     . . .     Spirit   .   p - +0 scale mail
rPois    .         Reflect  .   (helmet restricted)
rElec    .         Harm     .   m - +0 cloak
rCorr    .         Rampage  .   d - +0 pair of gloves
Will     .....                  (no boots)
Stlth    ..........             (no amulet)
HPRegen  0.15/turn              h - ring of protection from cold
MPRegen  0.10/turn              (no ring)

@: no status effects
A: antennae 2, thin metallic scales 1
a: Renounce Religion, Berserk, Trog's Hand


You were on level 3 of the Dungeon.
You worshipped Trog.
Trog was pleased with you.
You visited 1 branch of the dungeon, and saw 3 of its levels.

You collected 104 gold pieces.

Inventory:

Hand Weapons
 a - a +0 hand axe (weapon)
Missiles
 e - 2 javelins (quivered)
 f - 18 stones
Armour
 d - a +0 pair of gloves (worn)
 m - a +0 cloak (worn)
 p - a +0 scale mail (worn)
Jewellery
 h - a ring of protection from cold (left hand)
Scrolls
 i - a scroll of enchant armour {unknown}
 j - 2 scrolls of remove curse {unknown}
 n - a scroll of noise {unknown}
 q - 2 scrolls of teleportation {unknown}
 u - 3 scrolls of identify {unknown}
Potions
 c - 2 potions of flight {unknown}
 g - a potion of might {unknown}
 k - a potion of invisibility {unknown}
 l - a potion of haste {unknown}
 o - 4 potions of curing {unknown}
 s - a potion of degeneration {unknown}
 t - a potion of attraction {unknown}
 v - 2 potions of lignification {unknown}
 w - a potion of brilliance {unknown}


   Skills:
 - Level 3.0 Fighting
 * Level 5.5 Axes
 * Level 2.5 Throwing
 - Level 1.7 Armour
 - Level 1.7 Dodging


You had 5 spell levels left.
You didn't know any spells.
Your spell library was empty.

Dungeon Overview and Level Annotations

Branches:
Dungeon (3/15)

Altars:
Kikubaaqudgha
Qazlal
Trog
Uskayaw
Zin


Innate Abilities, Weirdness & Mutations

You have a pair of antennae on your head.
You are partially covered in thin metallic scales. (AC +2)


Message History

You throw a javelin.
The javelin pierces through the orc wizard.
The orc wizard is severely wounded.
The orc wizard points at you and mumbles some strange words.
The magic dart hits you.
The orc wizard struggles against the net.
Throw: 3 javelins
Press: ? - help, Q - select action, (/) - cycle Shift-Dir - straight line, f/p - orc wizard
Aim: an orc wizard, wielding a +0 dagger and wearing a +0 robe (severely wounded, entangled in a net, 89% to hit)
You throw a javelin.
The javelin pierces through the orc wizard!
You kill the orc wizard!
Trog accepts your kill.
Trog appreciates your killing of a magic user.
You have reached level 6!
Your experience leads to an increase in your attributes!
Increase (S)trength, (I)ntelligence, or (D)exterity?
You feel clever.
Your demonic ancestry asserts itself...
Thin metallic scales grow over part of your body.
Are you sure you want to abandon this character and quit the game? (Confirm with "yes".)

.....#..........#....### ####....
.....#.................. #....
♣.♣.♣.♣##....#.......... { #....
.......#................ ..##....
♣.♣.♣.♣#.....#................##.
.............#.............###♣♣♣
♣.♣.♣.♣......###...######(# ♣♣.P
...........### #...##...(.# ♣♣..P
♣.♣.♣.♣#.♣.♣ #@..##...(.#♣♣P...
......##...........##.....♣♣.P..♣
♣.♣.♣.♣..♣(♣.......##...<.♣PP.♣.♣
........ ##.............♣({P.PP
......... ####...........♣♣♣♣♣♣
#...#.... #.......).......#
.###.... ................#
.....###........# .....
#........#


There were no monsters in sight!

Vanquished Creatures
  An orc warrior (D:2)
  An iguana (D:2)
  An orc wizard (D:3)
  3 gnolls (D:2)
  3 adders (D:2)
  4 oozes
  2 worms (D:2)
  2 dart slugs (D:2)
  2 leopard geckos
  4 giant cockroaches
  8 goblins
  2 hobgoblins
  6 kobolds
  2 quokkas (D:3)
  2 ball pythons (D:2)
  5 bats
  3 frilled lizards
  4 rats
55 creatures vanquished.

Vanquished Creatures (others)
  29 plants
29 creatures vanquished.

Grand Total: 84 creatures vanquished

Notes
Turn   | Place    | Note
-------+----------+-------------------------------------------
     0 | D:1      | knot the Demonspawn Berserker began the quest for the Orb.
     0 | D:1      | Reached XP level 1. HP: 18/18 MP: 1/1
   161 | D:1      | Reached skill level 3 in Axes
   321 | D:1      | Gained mutation: You have a pair of small antennae on your
                  | head. [demonic ancestry]
   321 | D:1      | Reached XP level 2. HP: 22/24 MP: 2/2
  1231 | D:2      | Reached XP level 3. HP: 29/29 MP: 3/3
  1233 | D:2      | Reached skill level 4 in Axes
  1841 | D:2      | Found a hide-covered altar of Uskayaw.
  1852 | D:2      | Gained mutation: You have a pair of antennae on your head.
                  | [demonic ancestry]
  1852 | D:2      | Reached XP level 4. HP: 35/35 MP: 4/4
  2599 | D:2      | Reached skill level 1 in Throwing
  2784 | D:2      | Found a glowing silver altar of Zin.
  2786 | D:2      | Found a stormy altar of Qazlal.
  2800 | D:2      | Reached skill level 5 in Axes
  2801 | D:2      | Reached ** piety under Trog
  2806 | D:2      | Reached XP level 5. HP: 40/41 MP: 5/5
  2820 | D:2      | Found an ancient bone altar of Kikubaaqudgha.
  3068 | D:3      | Found a bloodstained altar of Trog.
  3396 | D:3      | Noticed an orc warrior
  3472 | D:2      | Killed an orc warrior
  3751 | D:3      | Gained mutation: You are partially covered in thin metallic
                  | scales. (AC +2) [demonic ancestry]
  3751 | D:3      | Reached XP level 6. HP: 46/47 MP: 6/6
  3751 | D:3      | Quit the game

Illustrated notes

Levels and vault maps discovered:
D:1:      ncdulo_wetmaze, layout_basic, minmay_misc_feat_rugged,
          serial_bayou_ford_a
D:2:      layout_rooms, eat_drink_and_be_merry_uskayaw, old_standard_altar,
          chequers_temple_overflow_statue_of_worship, serial_bayou_lake_a
D:3:      layout_basic, lemuel_coloured_pillars_altar,
          grunt_temple_overflow_open, chequers_ecumenical_altar_simple_redux,
          serial_forest, infiniplex_forest_straight_4,
          infiniplex_forest_lined_3, infiniplex_forest_lined_room_3,
          infiniplex_forest_clump_medium, infiniplex_forest_end_3,
          infiniplex_forest_lined_2, infiniplex_forest_clump_diagonal,
          infiniplex_forest_corner_1, infiniplex_forest_lined_3,
          minmay_fractal_squares_diagonal_5

Skill      XL: |  1  2  3  4  5 |
---------------+----------------+-----
Axes           | 3 4 5 |  5.5
Throwing       | 1 2 |  2.5
Fighting       | |  3.0
Armour         | |  1.7
Dodging        | |  1.7

Action                   |  1- 3 |  4- 6 || total
-------------------------+-------+-------++-------
Melee: Hand axe          |   102 |    93 ||   195
Throw: Dart              |       |    30 ||    30
       Javelin           |       |     3 ||     3
       Throwing net      |       |     1 ||     1
Invok: Berserk           |     2 |     2 ||     4
 Stab: Sleeping          |     1 |       ||     1
Armor: Animal skin       |    13 |       ||    13
       Scale mail        |    10 |    49 ||    59
Dodge: Dodged            |    70 |    44 ||   114

Table legend: (Time is in decaauts)
 A = Elapsed time spent in this place.
 B = Non-inter-level travel time spent in this place.
 C = Inter-level travel time spent in this place.
 D = Time resting spent in this place.
 E = Time spent auto-exploring this place.
 F = Levels seen in this place.
 G = Mean time per level.
                   A        B        C        D        E       F      G
               +--------+--------+--------+--------+--------+-----+--------+
         Total |   3869 |   3689 |    180 |   1109 |   2031 |   3 | 1289.7 |
       Dungeon |   3869 |   3689 |    180 |   1109 |   2031 |   3 | 1289.7 |
               +--------+--------+--------+--------+--------+-----+--------+

Top non-repeatable levels by time:
     D:1: 1890 daAuts
     D:2: 1482 daAuts
     D:3: 497 daAuts
